 Dungeon Crawl Stone Soup version 0.29.1-2-gbd0b4ee654 (webtiles) character file.

Game seed: 9942877538058622245

656 Linkola the Cudgeller (level 7, -13/60 HPs)
             Began as a Minotaur Fighter on Nov 4, 2022.
             Killed from afar by an electric eel (15 damage)
             ... with a bolt of electricity
             ... on level 4 of the Dungeon.
             The game lasted 00:08:31 (4159 turns).

Linkola the Cudgeller (Minotaur Fighter)            Turns: 4159, Time: 00:08:32

Health: -13/60     AC: 16    Str: 22    XL:     7   Next: 29%
Magic:  6/6        EV:  8    Int:  5    God:
Gold:   121        SH:  7    Dex: 10    Spells: 6/6 levels left

rFire   . . .      SeeInvis .   r - +0 flail (protect)
rCold   . . .      Faith    .   s - +3 buckler {AC+3}
rNeg    . . .      Spirit   .   l - +0 chain mail
rPois   .          Reflect  .   (helmet restricted)
rElec   .          Harm     .   (no cloak)
rCorr   .          Rampage  .   (no gloves)
Will    .....                   e - +2 pair of boots
Stlth   ..........              (no amulet)
HPRegen 0.20/turn               (no ring)
MPRegen 0.10/turn               (no ring)

@: no status effects
A: horns 2, retaliatory headbutt
a: no special abilities


You were on level 4 of the Dungeon.
You visited 1 branch of the dungeon, and saw 4 of its levels.
You also visited: Sewer.

You collected 271 gold pieces.
You spent 150 gold pieces at shops.

Inventory:

Hand Weapons
 r - a +0 flail of protection (weapon)
Missiles
 m - 10 stones (quivered)
 o - 2 poisoned darts
Armour
 e - a +2 pair of boots (worn)
 l - a +0 chain mail (worn)
 s - a +3 buckler of protection (worn)
Jewellery
 q - a ring of magical power
Wands
 a - a wand of paralysis (6)
 f - a wand of roots (15)
 t - a wand of mindburst (12)
 u - a wand of flame (3)
Potions
 b - a potion of flight {unknown}
 c - a potion of lignification {unknown}
 d - a potion of might
 g - a potion of brilliance {unknown}
 h - a potion of mutation {unknown}
 i - a potion of haste {unknown}
 j - a potion of berserk rage
 k - a potion of resistance {unknown}
 n - 2 potions of heal wounds {unknown}
 p - a potion of cancellation {unknown}


   Skills:
 + Level 4.9 Fighting
 + Level 6.0 Maces & Flails
 * Level 3.1 Throwing
 + Level 5.4 Armour
 + Level 1.3 Dodging
 + Level 0.3 Stealth
 + Level 4.8 Shields


You had 6 spell levels left.
You didn't know any spells.
Your spell library contained the following spells:

 Spells                   Type           Power      Damage    Failure   Level
 Apportation              Tloc           0%         N/A       99%         1
 Tukima's Dance           Hex            0%         N/A       100%        3
 Passage of Golubria      Tloc           0%         N/A       100%        4
 Alistair's Intoxication  Tmut/Pois      0%         N/A       100%        5
 Yara's Violent Unravell  Hex/Tmut       0%         3d3       100%        5


Dungeon Overview and Level Annotations

Branches:
Dungeon (4/15)              Sewer (visited)
 Temple: D:4-7

Altars:
Kikubaaqudgha
Xom

Shops:
D:4 [

Annotations:
D:4 1 transporter


Innate Abilities, Weirdness & Mutations

You have a pair of horns on your head.
You reflexively headbutt those who attack you in melee.


Message History

The electric eel completely resists.
The bolt of electricity misses the electric eel.
You closely miss the electric eel.
The electric eel shoots out a bolt of lightning at you!
The bolt of electricity hits you.
The bolt of electricity hits the electric eel.
The electric eel completely resists.
The bolt of electricity hits the electric eel.
The electric eel completely resists.
The bolt of electricity hits you but does no damage.
You closely miss the electric eel. Your headbutt misses the electric eel.
A nearby plant withers and dies.
The electric eel shoots out a bolt of lightning at you!
The bolt of electricity hits you but does no damage.
The bolt of electricity hits the electric eel.
The electric eel completely resists.
The bolt of electricity hits the electric eel.
The electric eel completely resists.
The bolt of electricity hits you.
The electric eel shoots out a bolt of lightning at you!
The bolt of electricity hits you.
The bolt of electricity hits the electric eel.
The electric eel completely resists.
The bolt of electricity hits the electric eel.
The electric eel completely resists.
You miss the electric eel.
The electric eel shoots out a bolt of lightning at you!
The bolt of electricity hits you!
The bolt of electricity hits the electric eel.
The electric eel completely resists.
The bolt of electricity hits the electric eel.
The electric eel completely resists.
The electric eel shoots out a bolt of lightning at you!
The bolt of electricity hits you.
* * * LOW HITPOINT WARNING * * *
The electric eel shoots out a bolt of lightning at you!
The bolt of electricity hits you!
* * * LOW HITPOINT WARNING * * *
The electric eel shoots out a bolt of lightning at you!
The bolt of electricity hits you!
You die...

.....#..#...#######..............
....###.....#8.©.8#..............
.)...##.....#P.(.P#..............
...#.....#..###+###.#.#..........
............#~...~#..###...##....
......#.#...#~...~#.......##.....
......####..#~...~#......#.#.....
............#~.⌠.~#..............
............#~..@~#............#.
.........##.#~...~#..............
)...........#S...S#..............
............###'###..............
............#P...~#...........#..
#).....##...#8.©.8#..............
#......##...#######.##.####......
##.##...##.....©....#...###.....#
##.....##......[........##..#...#


You could see 2 electric eels.

Vanquished Creatures
  Eustachio (D:4)
  Pargi (Sewer)
  2 scorpions (D:4)
  An orc priest (D:4)
  Jessica (D:3)
  3 orc wizards (D:4)
  Terence (D:2)
  4 adders
  A gnoll (D:1)
  2 worms
  2 dart slugs
  9 orcs
  7 bats
  3 endoplasms (D:1)
  2 giant cockroaches
  6 goblins
  8 hobgoblins
  6 jackals
  3 quokkas
  8 ball pythons
  7 frilled lizards
  7 kobolds
  6 rats
91 creatures vanquished.

Vanquished Creatures (others)
  A plant (D:4)
1 creature vanquished.

Grand Total: 92 creatures vanquished

Notes
Turn   | Place    | Note
-------+----------+-------------------------------------------
     0 | D:1      | Linkola the Minotaur Fighter began the quest for the Orb.
     0 | D:1      | Reached XP level 1. HP: 19/19 MP: 0/0
   321 | D:1      | Reached XP level 2. HP: 27/27 MP: 1/1
   459 | D:1      | Reached XP level 3. HP: 33/33 MP: 2/2
   891 | D:1      | Reached skill level 1 in Throwing
  1171 | D:2      | Found a shimmering altar of Xom.
  1197 | D:2      | Found a faded altar of an unknown god.
  1562 | D:2      | Noticed Terence
  1569 | D:2      | Killed Terence
  1570 | D:2      | Reached skill level 3 in Maces & Flails
  1570 | D:2      | Reached XP level 4. HP: 21/40 MP: 3/3
  1915 | D:3      | Noticed Jessica
  1923 | D:3      | Killed Jessica
  2348 | D:3      | Reached XP level 5. HP: 46/47 MP: 4/4
  2679 | D:4      | Reached skill level 4 in Maces & Flails
  2830 | D:4      | Reached skill level 5 in Maces & Flails
  2830 | D:4      | Reached XP level 6. HP: 45/53 MP: 5/5
  3013 | D:4      | Found a glowing drain.
  3073 | Sewer    | Entered a sewer
  3294 | Sewer    | Noticed Pargi
  3306 | Sewer    | Killed Pargi
  3307 | Sewer    | Reached skill level 5 in Armour
  3307 | Sewer    | Reached skill level 1 in Dodging
  3430 | D:4      | Found a transporter.
  3485 | D:4      | Found Zarary's Antique Armour Emporium.
  3545 | D:4      | Bought a glowing buckler for 150 gold pieces
  3675 | D:4      | Reached XP level 7. HP: 60/60 MP: 6/6
  3701 | D:4      | Found an ancient bone altar of Kikubaaqudgha.
  3754 | D:4      | Noticed Eustachio
  3799 | D:4      | Killed Eustachio
  3800 | D:4      | Reached skill level 6 in Maces & Flails
  3994 | D:4      | Found a transporter.
  4158 | D:4      | HP: 2/60 [electric eel/bolt of electricity (13)]
  4159 | D:4      | Killed from afar by an electric eel

Illustrated notes

Levels and vault maps discovered:
D:1:      psy_arrival_radial01, layout_basic, minmay_split_cup_small
D:2:      layout_basic, basic_altar, dreamdust_ecumenical_altar_statues,
          uniq_terence
D:3:      layout_loops_corners, hangedman_decor_peaks_small, uniq_jessica
D:4:      gammafunk_steamed_eel, layout_cave_pools,
          mainiacjoe_overflow_six_doors_small, cheibrodos_sewer_entry_sluice,
          serial_shops, nicolae_diamond_shop, kennysheep_generic_room_13,
          uniq_eustachio

Skill      XL: |  1  2  3  4  5  6  7 |
---------------+----------------------+-----
Armour         | 4 5 |  5.4
Fighting       | 4 |  4.9
Throwing       | 1 2 3 |  3.1
Shields        | 4 |  4.8
Maces & Flails | 3 5 6 |  6.0
Dodging        | 1 |  1.3
Stealth        | |  0.3

Action                   |  1- 3 |  4- 6 |  7- 9 || total
-------------------------+-------+-------+-------++-------
Melee: Flail             |    83 |   123 |    40 ||   246
       Headbutt          |     9 |    14 |     4 ||    27
Throw: Stone             |     8 |    10 |       ||    18
       Dart              |     1 |    11 |       ||    12
  Use: Scroll            |     6 |     4 |     1 ||    11
Armor: Scale mail        |    33 |       |       ||    33
       Chain mail        |       |   127 |   100 ||   227
Dodge: Dodged            |    37 |    59 |    43 ||   139
Block: Buckler           |    22 |    37 |    42 ||   101
